 Dungeon Crawl Stone Soup version 0.18-a0-1774-gce1f7b6 (webtiles) character file.

86 SkaryMonk the Changer (level 4, 0/28 HPs)
             Began as an Octopode Transmuter on Apr 15, 2016.
             Succumbed to an adder's poison
             ... on level 3 of the Dungeon.
             The game lasted 00:08:23 (1728 turns).

SkaryMonk the Changer (Octopode Transmuter)         Turns: 1728, Time: 00:08:24

Health: 0/28       AC:  1    Str:  6 (9)  XL:     4   Next: 50%
Magic:  4/7        EV: 17    Int: 17 (18) God:
Gold:   78         SH:  0    Dex: 14 (17) Spells: 2 memorised, 3 levels left

rFire  . . .     SeeInvis +       - Unarmed
rCold  . . .     Gourm    .     (no shield)
rNeg   . . .     Faith    .     (helmet restricted)
rPois  .         Spirit   .     (no amulet)
rElec  .         Dismiss  .     j - +2 ring of intelligence
rCorr  .         Reflect  .     n - ring of see invisible
SustAt .         Harm     .     (no ring)
MR     .....                    (no ring)
Stlth  +++.......               (no ring)
                                (no ring)
                                (no ring)
                                (no ring)

@: agile, lethally poisoned (0 -> -17), appendage, very slightly contaminated,
hasted, very quick, not resistant to hostile enchantments, fairly stealthy
A: almost no armour, amphibious, 8 rings, constrict 8, tentacle spike 3,
camouflage 1, gelatinous body 1
a: End Transformation


You were on level 3 of the Dungeon.
You were not hungry.
One of your tentacles had a temporary spike.
You visited 1 branch of the dungeon, and saw 3 of its levels.

You collected 78 gold pieces.

Notes
Turn   | Place    | Note
--------------------------------------------------------------
     0 | D:1      | SkaryMonk the Octopode Transmuter began the quest for the Orb.
     0 | D:1      | Reached XP level 1. HP: 13/13 MP: 3/3
   141 | D:1      | Reached XP level 2. HP: 17/18 MP: 5/5
   895 | D:2      | Reached skill level 3 in Transmutations
   895 | D:2      | Reached XP level 3. HP: 17/23 MP: 4/6
  1001 | D:2      | Reached XP level 4. HP: 20/28 MP: 5/7
  1061 | D:2      | Learned a level 3 spell: Spider Form
  1336 | D:2      | Found an oddly glowing altar of Pakellas.
  1566 | D:2      | Reached skill level 4 in Transmutations
  1726 | D:3      | HP: 1/28 [poisoned by an adder]
  1728 | D:3      | Succumbed to an adder's poison

Inventory:

Missiles
 a - 12 arrows
Armour
 l - a +0 shield
Jewellery
 j - a +2 ring of intelligence (left tentacle)
 n - a ring of see invisible (right tentacle)
Scrolls
 e - 2 scrolls of enchant weapon
 k - a scroll of amnesia
 o - a scroll of teleportation {unknown}
 p - a scroll of remove curse {unknown}
 q - a scroll of enchant armour {unknown}
Potions
 d - a potion of cancellation
Books
 b - a book of Changes

   Spells                             Type                      Level
   a - Beastly Appendage              Transmutation                1
   b - Sticks to Snakes               Transmutation                2
   c - Spider Form                    Transmutation/Poison         3
   d - Ice Form                       Ice/Transmutation            4
   e - Blade Hands                    Transmutation                5
Comestibles
 c - 5 bread rations
 f - 3 beef jerkies
 g - 2 chunks of flesh
 i - 2 meat rations

Table legend:
 A = Turns spent in this place as a percentage of turns spent in the entire game.
 B = Non-inter-level travel turns spent in this place as a percentage of non-inter-level travel turns spent in the entire game.
 C = Inter-level travel turns spent in this place as a percentage of turns spent in this place.
 D = Turns resting spent in this place as a percentage of non-inter-level travel turns spent in this place.
 E = Turns spent auto-exploring this place as a percentage of non-inter-level travel turns spent in this place.
 F = Non-inter-level travel turns spent in this place divided by the number of levels of this place that you've seen.
                   A       B       C       D       E      F
               +-------+-------+-------+-------+-------+----------------------
         Total | 100.0 | 100.0 |   0.7 |   0.5 |  16.6 | 138.3
       Dungeon | 100.0 | 100.0 |   0.7 |   0.5 |  16.6 | 138.3
               +-------+-------+-------+-------+-------+----------------------


   Skills:
 - Level 1.2 Fighting
 - Level 2.0 Dodging
 - Level 3.1 Unarmed Combat
 - Level 2.2 Spellcasting
 + Level 4.2 Transmutations


You had 3 spell levels left.
You knew the following spells:

 Your Spells              Type           Power        Failure   Level  Hunger
a - Beastly Appendage     Trmt           ###...       3%          1    #......
b - Spider Form           Trmt/Pois      #.........   24%         3    ###....


Dungeon Overview and Level Annotations

Branches:
Dungeon (3/15)

Altars:
Pakellas


Innate Abilities, Weirdness & Mutations

You cannot wear most types of armour.
You are amphibious.
You can wear up to eight rings at the same time.
You can use your tentacles to constrict eight enemies at once.
Your skin changes colour to match your surroundings (Stealth).
Your rubbery body absorbs attacks (AC +1).
One of your tentacles bears a large vicious spike.


Message History

The adder poisons you! The adder completely misses you.
Drink which item? (? for menu, Esc to quit)
It was a potion of haste.
You feel yourself speed up.
You constrict the adder.
* * * LOW HITPOINT WARNING * * *
You feel sick. The adder bites you.
* * * LOW HITPOINT WARNING * * *
You are more poisoned.
The adder poisons you!
You tentacle-slap the adder but do no damage.
You pierce the adder.
The adder is almost dead.
You constrict the adder.
* * * LOW HITPOINT WARNING * * *
You feel sick. The adder completely misses you.
You tentacle-slap the adder.
You kill the adder!
Read which item? (? for menu, Esc to quit)
As you read the scroll of immolation, it crumbles to dust.
The air around you briefly surges with heat, but it dissipates.
You die...

.........#####<##.#
#####.....)..#.##.#
..#.######.#.##.# .>.
..#.#.##.# .#..
#.#.#.##.# #
#..####.#.#....#
###.#..#....#.######
.......#.#...........
#...†@[...#.#######
#...##....#.#
#......$..#.#
#...####..#.# #..
...#.# . ###.#.#
..#.# ###


There were no monsters in sight!

Table legend:
 A = Kills in this place as a percentage of kills in entire the game.
 B = Kills by you in this place as a percentage of kills by you in the entire game.
 C = Kills by friends in this place as a percentage of kills by friends in the entire game.
 D = Other kills in this place as a percentage of other kills in the entire game.
 E = Experience gained in this place as a percentage of experience gained in the entire game.
 F = Experience gained in this place divided by the number of levels of this place that you have seen.
                   A       B       C       D       E      F
               +-------+-------+-------+-------+-------+----------------------
         Total | 100.0 | 100.0 |  -nan |  -nan | 100.0 |  41.3
       Dungeon | 100.0 | 100.0 |  -nan |  -nan | 100.0 |  41.3
               +-------+-------+-------+-------+-------+----------------------

Vanquished Creatures
  4 adders
  A worm (D:2)
  A dart slug (D:2)
  A giant gecko (D:1)
  A ball python (D:2)
  5 giant cockroaches
  7 goblins
  6 hobgoblins
  4 kobolds
  4 bats
  3 giant newts
  6 rats
43 creatures vanquished.

Action                   |  1- 3 |  4- 6 || total
-------------------------+-------+-------++-------
Melee: Unarmed           |    57 |    33 ||    90
       Constrict         |    21 |     8 ||    29
       Tentacles         |    15 |     4 ||    19
       Kick              |     7 |     3 ||    10
       Punch             |       |     1 ||     1
 Cast: Beastly Appendage |     7 |     7 ||    14
  Use: Scroll            |     5 |     2 ||     7
       Potion            |       |     3 ||     3
 Stab: Sleeping          |     8 |     7 ||    15
  Eat: Chunk             |       |     3 ||     3
Armor: Skin              |     4 |     1 ||     5
Dodge: Dodged            |    26 |    13 ||    39

Vault maps used:
D:1:      dpeg_arrival_prison
D:2:      grunt_pakellas_salt, first_bread
D:3:      elyvilon_altar_5, minmay_misc_feat_tiny, st_stairs_4
